 Dungeon Crawl Stone Soup version 0.27.1-33-g824d729ab1 (webtiles) character file.

Game seed: 9752334394071435429

4734 Cykl0x the Carver (level 10, -8/60 HPs)
             Began as a Gargoyle Gladiator on Dec 28, 2021.
             Was an Initiate of the Shining One.
             Mangled by an ettin (shapeshifter) (25 damage)
             ... on level 8 of the Dungeon.
             The game lasted 00:14:55 (7916 turns).

Cykl0x the Carver (Gargoyle Gladiator)              Turns: 7916, Time: 00:14:58

Health: -8/60      AC: 20    Str: 27    XL:     10   Next: 46%
Magic:  0/27       EV: 12    Int:  9    God:    the Shining One [......]
Gold:   507        SH:  0    Dex: 11    Spells: 18/20 levels left

rFire    . . .     SeeInvis .   a - +1 long sword (freeze)
rCold    . . .     Faith    .   (no shield)
rNeg     + . .     Spirit   +   f - +0 swamp dragon scales
rPois    ∞         Reflect  .   c - +1 helmet
rElec    +         Harm     .   t - +1 cloak {Will+}
rCorr    .         Rampage  .   (no gloves)
Will     +....                  (no boots)
Stlth    ..........             l - amulet of guardian spirit
HPRegen  0.20/turn              p - ring of magical power
MPRegen  0.20/turn              A - +6 ring of strength

@: very slightly contaminated, glowing
A: sickness immunity, AC +7, negative energy resistance 1, electricity
resistance, torment resistance 1, petrification resistance
a: Renounce Religion


You were on level 8 of the Dungeon.
You worshipped the Shining One.
The Shining One was noncommittal.
You visited 2 branches of the dungeon, and saw 9 of its levels.
You also visited: Ossuary.

You collected 507 gold pieces.

Inventory:

Hand Weapons
 a - a +1 long sword of freezing (weapon)
Missiles
 e - 175 stones (quivered)
 J - 7 boomerangs
Armour
 b - a +0 leather armour
 c - a +1 helmet (worn)
 f - +0 swamp dragon scales (worn)
 g - a +0 ring mail
 t - a +1 cloak of willpower (worn)
Jewellery
 i - a ring of ice
 l - an amulet of guardian spirit (around neck)
 p - a ring of magical power (left hand)
 y - an amulet of faith
 A - a +6 ring of strength (right hand)
Wands
 C - a wand of paralysis (6)
Scrolls
 q - 2 scrolls of fear
 s - a scroll of teleportation
 v - a scroll of brand weapon
 z - 2 scrolls of enchant armour
 D - 5 scrolls of identify
 E - 2 scrolls of amnesia
 H - a scroll of blinking
 I - 2 scrolls of magic mapping
 L - 2 scrolls of torment
Potions
 d - 3 potions of curing
 h - 2 potions of brilliance
 j - 3 potions of ambrosia
 k - 2 potions of invisibility {unknown}
 m - 3 potions of mutation
 n - 2 potions of attraction {unknown}
 o - a potion of might
 u - 3 potions of magic {unknown}
 w - a potion of cancellation {unknown}
 x - a potion of resistance {unknown}
 B - 3 potions of heal wounds {unknown}
 F - 2 potions of lignification {unknown}
 G - 2 potions of flight {unknown}
 K - a potion of degeneration {unknown}


   Skills:
 + Level 5.8 Fighting
 + Level 8.5 Long Blades
 + Level 4.1 Throwing
 + Level 5.6 Armour
 + Level 4.4 Dodging
 * Level 5.8 Spellcasting
 * Level 0.8 Air Magic
 * Level 1.2 Poison Magic
 * Level 3.2 Invocations
 + Level 0.3 Evocations


You had 18 spell levels left.
You knew the following spells:

 Your Spells              Type           Power      Damage    Failure   Level
a - Poisonous Vapours     Pois/Air       8%         N/A       30%         2

Your spell library contained the following spells:

 Spells                   Type           Power      Damage    Failure   Level
 Animate Skeleton         Necr           4%         N/A       32%         1
 Apportation              Tloc           4%         N/A       32%         1
 Corona                   Hex            2%         N/A       32%         1
 Summon Small Mammal      Summ           8%         N/A       32%         1
 Corpse Rot               Necr/Air       N/A        N/A       38%         2
 Call Canine Familiar     Summ           2%         N/A       67%         3
 Summon Guardian Golem    Hex/Summ       2%         N/A       67%         3
 Freezing Cloud           Conj/Ice/Air   1%         6-21      100%        5


Dungeon Overview and Level Annotations

Branches:
Dungeon (8/15)             Temple (1/1) D:6         Ossuary (visited)
   Lair: D:8-11

Altars:
Ashenzari
Cheibriados
Dithmenos
Fedhas
Hepliaklqana
Kikubaaqudgha
Makhleb
Okawaru
Ru
Trog
Uskayaw
Vehumet
Wu Jian
Xom
Yredelemnul
Zin
The Shining One


Innate Abilities, Weirdness & Mutations

You are immune to sickness and miasma.
Your stone body is resilient. (AC +7)
You are immune to poison.
You resist negative energy. (rN+)
You are resistant to electric shocks. (rElec)
You are resistant to unholy torment.
You are immune to petrification.


Message History

Aiming: Poisonous Vapours (dangerous; 30% risk of failure)
Press: ? - help, Dir - move target, f/p - ettin
Aim: an ettin (lightly wounded, very poisoned) Poisonous vapours surround the ettin!
The ettin looks even sicker.
Casting: Poisonous Vapours (dangerous; 30% risk of failure)
Confirm with . or Enter, or press ? or * to list all spells.
Aiming: Poisonous Vapours (dangerous; 30% risk of failure)
Press: ? - help, Dir - move target, f/p - ettin
Aim: an ettin (lightly wounded, very poisoned) Poisonous vapours surround the ettin!
The ettin looks as sick as possible!
You hit the ettin but do no damage.
The ettin is lightly wounded.
The ettin misses you. The ettin closely misses you.
You hit the ettin. You freeze the ettin.
The ettin is lightly wounded.
Unknown command.
You slash the ettin! You freeze the ettin.
The ettin is heavily wounded.
The ettin hits you! The ettin hits you but does no damage.
You hit the ettin but do no damage.
The ettin is heavily wounded.
The ettin hits you but does no damage. The ettin hits you!!
Unknown command.
Casting: Poisonous Vapours (dangerous; 30% risk of failure)
Confirm with . or Enter, or press ? or * to list all spells.
Aiming: Poisonous Vapours (dangerous; 30% risk of failure)
Press: ? - help, Dir - move target, f/p - ettin
Aim: an ettin (heavily wounded, very poisoned, haloed)
You miscast Poisonous Vapours.
Nothing appears to happen.
The ettin hits you but does no damage. The ettin barely misses you.
Casting: Poisonous Vapours (dangerous; 30% risk of failure)
Confirm with . or Enter, or press ? or * to list all spells.
Aiming: Poisonous Vapours (dangerous; 30% risk of failure)
Press: ? - help, Dir - move target, f/p - ettin
Aim: an ettin (heavily wounded, very poisoned, haloed) Poisonous vapours surround the ettin!
The ettin looks as sick as possible!
The ettin hits you.
* * * LOW HITPOINT WARNING * * *
The ettin hits you!!
You die...

..######...#########.))....
#...........'.....##..)....
#...........#.....##.......
#...........#......#.......
#..........##.....##.......
#..........#########.......
....#..###..#..............
...........................
..........@)...............
......#....C#.....#..........
...### #.###.#.###.#.###......
#......#.....#.....#..........
..........#.....#.....#.......
......###.#.###)#.###.#.###...
..........#.....#.....#.......
.............#.....#.....#....
.........###.#.###[#.###.#.###


You could see an ettin (extremely poisoned).

Vanquished Creatures
  A boulder beetle (D:8)
  An ugly thing (D:8)
  Joseph (D:7)
  Maggie (D:6)
  A slime creature (D:8)
  3 orc warriors
  A necrophage (D:6)
  4 sky beasts
  3 black bears
  An ice beast (D:7)
  A centaur (D:6)
  A phantom (D:5)
  2 elf zombies (Ossuary)
  3 bullfrogs (D:8)
  2 scorpions
  A water moccasin skeleton (D:5)
  A killer bee (D:8)
  A bullfrog zombie (D:6)
  6 hounds
  A human zombie (Ossuary)
  3 orc priests
  Crazy Yiuf (D:3)
  A gnoll shaman (D:7)
  A centaur skeleton (D:6)
  3 iguanas (D:5)
  Jessica (D:3)
  Natasha (D:3)
  6 orc wizards
  A killer bee zombie (D:6)
  2 hound zombies
  4 mummies (Ossuary)
  4 gnolls (D:7)
  8 adders
  A shadow imp (D:6)
  A white imp (D:5)
  2 ufetubi
  2 adder zombies (Ossuary)
  2 worms
  3 dart slugs
  27 orcs
  6 ball pythons
  7 endoplasms
  4 giant cockroaches
  2 gnoll zombies (Ossuary)
  9 goblins
  7 hobgoblins
  4 kobolds
  3 quokkas
  2 bats
  5 frilled lizards
  A goblin zombie (Ossuary)
  A kobold zombie (Ossuary)
  2 orc zombies (Ossuary)
  4 rats
167 creatures vanquished.

Notes
Turn   | Place    | Note
-------+----------+-------------------------------------------
     0 | D:1      | Cykl0x the Gargoyle Gladiator began the quest for the Orb.
     0 | D:1      | Reached XP level 1. HP: 12/12 MP: 1/1
   174 | D:1      | Reached XP level 2. HP: 17/17 MP: 2/2
   189 | D:1      | Found a faded altar of an unknown god.
   788 | D:1      | Reached skill level 1 in Spellcasting
  1077 | D:2      | Reached skill level 3 in Long Blades
  1123 | D:2      | Reached XP level 3. HP: 22/22 MP: 4/4
  1312 | D:2      | Found a hide-covered altar of Uskayaw.
  1579 | D:3      | Noticed Jessica
  1602 | D:3      | Killed Jessica
  1603 | D:3      | Reached skill level 1 in Armour
  1603 | D:3      | Reached XP level 4. HP: 16/27 MP: 6/6
  1973 | D:3      | Noticed Natasha
  1983 | D:3      | Killed Natasha
  1984 | D:3      | Reached XP level 5. HP: 22/31 MP: 7/7
  2381 | D:3      | Found a runed translucent door.
  2382 | D:3      | Noticed Crazy Yiuf
  2398 | D:3      | Killed Crazy Yiuf
  2399 | D:3      | Reached skill level 4 in Long Blades
  2399 | D:3      | Reached XP level 6. HP: 27/37 MP: 9/9
  2546 | D:4      | Noticed a black bear
  2553 | D:4      | Killed a black bear
  2884 | D:4      | Reached XP level 7. HP: 39/41 MP: 10/10
  3690 | D:5      | Entered Level 5 of the Dungeon
  3745 | D:5      | Reached skill level 5 in Long Blades
  3901 | D:5      | Reached XP level 8. HP: 22/46 MP: 12/12
  4614 | D:6      | Noticed Maggie
  4644 | D:6      | Killed Maggie
  4645 | D:6      | Reached skill level 6 in Long Blades
  4852 | D:6      | Found a sand-covered staircase.
  4864 | Ossuary  | Entered an ossuary
  4918 | Ossuary  | Reached XP level 9. HP: 45/52 MP: 15/15
  5247 | D:6      | You fall into a shaft and drop 2 floors!
  5280 | D:7      | Noticed Joseph
  5322 | D:7      | Killed Joseph
  5323 | D:7      | Reached skill level 7 in Long Blades
  5331 | D:7      | Reached skill level 5 in Spellcasting
  5522 | D:6      | Reached skill level 5 in Fighting
  5582 | D:6      | Found a staircase to the Ecumenical Temple.
  5591 | Temple   | Entered the Ecumenical Temple
  5676 | Temple   | Became a worshipper of the Shining One
  5916 | D:6      | Found a shimmering altar of Xom.
  6176 | D:6      | Reached skill level 5 in Armour
  6176 | D:6      | Reached skill level 1 in Invocations
  6866 | D:8      | Found a burning altar of Makhleb.
  7045 | D:8      | Reached skill level 8 in Long Blades
  7085 | D:8      | Reached XP level 10. HP: 52/59 MP: 18/18
  7245 | D:8      | Noticed a green ugly thing
  7262 | D:8      | Killed a green ugly thing
  7482 | D:8      | Noticed a boulder beetle
  7718 | D:8      | Learned a level 2 spell: Poisonous Vapours
  7802 | D:8      | Killed a boulder beetle
  7803 | D:8      | Reached skill level 1 in Poison Magic
  7905 | D:8      | Noticed an ettin
  7916 | D:8      | Mangled by an ettin (shapeshifter)

Illustrated notes

Levels and vault maps discovered:
D:1:      dpeg_arrival_rooms_c, layout_loops_ring,
          shapermc_ecumenical_altar_acropolis, chequers_serial_rivers_micro_e
D:2:      layout_rooms, basic_altar
D:3:      layout_basic, uniq_natasha, uniq_crazy_yiuf_cottage, uniq_jessica
D:4:      layout_loops_ring, dk_vineyard_1
D:5:      layout_rooms
D:6:      layout_loops_ring, lemuel_doored_altar, minmay_temple_entry_slanted,
          lightli_ossuary_entry_decrepit_ruins, uniq_maggie
D:7:      layout_basic, uniq_joseph
D:8:      hangedman_cross_stitches, layout_gridville,
          mainiacjoe_overflow_alcove_1, mainiacjoe_overflow_six_doors_small
Temple:   regret_index_temple_mists

Skill      XL: |  1  2  3  4  5  6  7  8  9 10 |
---------------+-------------------------------+-----
Spellcasting   | 1 2 3 4 5 |  5.8
Long Blades    | 3 4 5 6 8 |  8.5
Throwing       | 2 3 4 |  4.1
Armour         | 1 2 3 4 5 |  5.6
Fighting       | 3 4 5 |  5.8
Dodging        | 3 4 |  4.4
Invocations    | 2 3 |  3.2
Poison Magic   | 1 |  1.2
Air Magic      | |  0.8
Evocations     | |  0.3

Action                   |  1- 3 |  4- 6 |  7- 9 | 10-12 || total
-------------------------+-------+-------+-------+-------++-------
Melee: Long sword        |    82 |   103 |   464 |    71 ||   720
Throw: Throwing net      |     6 |       |     4 |       ||    10
       Stone             |    37 |    19 |    52 |       ||   108
       Dart              |       |    21 |    11 |       ||    32
 Cast: Poisonous Vapours |       |       |       |    12 ||    12
Evoke: Wand              |       |       |       |     4 ||     4
  Use: Scroll            |       |     7 |     8 |     3 ||    18
       Potion            |       |       |     4 |       ||     4
 Stab: Held in net/web   |     3 |       |       |       ||     3
Armor: Leather armour    |     3 |       |       |       ||     3
       Ring mail         |    26 |    72 |   139 |       ||   237
       Skin              |     1 |       |       |       ||     1
       Swamp dragon scal |       |       |   121 |    39 ||   160
Dodge: Dodged            |    58 |    69 |   277 |    40 ||   444
       Rpst.: Long sword |    14 |    19 |    77 |     9 ||   119
